[Event "Titled Tuesday Blitz February 22 Late 2022"]
[White "Bachmann, Axel"]
[Black "Svane, Rasmus"]
[WhiteFideId "3700488"]
[BlackFideId "4657101"]
[WhiteElo "2642"]
[BlackElo "2645"]
[Result "1/2-1/2"]
[Round "07"]
[TimeControl "180+1"]
[Date "2022.02.22"]
[WhiteClock "0:00:06"]
[BlackClock "0:00:02"]

1. d4 Nf6 2. c4 e6 3. Nf3 d5 4. Nc3 h6 5. g3 Bd6 6. Bg2 O-O 7. O-O Nc6 8. b3 dxc4 9. bxc4 e5 10. e3 Re8 11. h3 Bf5 12. d5 Na5 13. Qe2 b6 14. e4 Bd7 15. Nd2 Rc8 16. Nb3 Nb7 17. Be3 c6 18. Rac1 Qe7 19. dxc6 Bxc6 20. Nd5 Qe6 21. Rfd1 Red8 22. c5 Nxc5 23. Nxc5 bxc5 24. Bxc5 Bxc5 25. Rxc5 Bxd5 26. exd5 Qd6 27. Ra5 e4 28. Rxa7 Qe5 29. Ra5 Rc3 30. Rb5 e3 31. f4 Qc7 32. Rb3 Rxb3 33. axb3 Qc5 34. Kh2 h5 35. Rd3 Re8 36. d6 h4 37. d7 hxg3+ 38. Kxg3 Rd8 39. Qxe3 Qf5 40. Bf3 Rxd7 41. Rxd7 Qxd7 42. b4 Qb5 43. Qc5 Qd3 44. Qe5 Qb1 45. b5 Qg1+ 46. Bg2 Kh7 47. Qf5+ Kg8 48. Qc8+ Kh7 49. Qc2+ g6 50. Kf3 Nh5 51. Qe2 Qd4 52. Bf1 Qxf4+ 53. Kg2 Qg3+ 54. Kh1 Qf4 55. Kg1 Ng3 56. Qf2 Qxf2+ 57. Kxf2 Ne4+ 58. Ke3 Nd6 59. Kd4 Nxb5+ 60. Bxb5 Kh6 61. Ke5 Kg5 62. Bd3 Kh4 63. Kf6 Kxh3 64. Bxg6 fxg6 65. Kxg6 1/2-1/2


[Site "https://www.chess.com"]

[Event "Titled Tuesday Blitz February 22 Late 2022"]
[White "Barp, Alberto"]
[Black "Zakhartsov, Vladimir"]
[WhiteFideId "872555"]
[BlackFideId "4145097"]
[WhiteElo "2229"]
[BlackElo "2432"]
[Result "1-0"]
[Round "07"]
[TimeControl "180+1"]
[Date "2022.02.22"]
[WhiteClock "0:01:17"]
[BlackClock "0:01:52"]

1. d4 d5 2. c4 e5 3. dxe5 d4 4. Nf3 Nc6 5. Nbd2 Nge7 6. Nb3 Nf5 7. e4 dxe3 8. Qxd8+ Nxd8 9. fxe3 Bb4+ 10. Kf2 O-O 11. Bd3 Nc6 12. Nbd4 Nfe7 13. a3 Bc5 14. b4 Bxd4 15. exd4 Bg4 16. Bb2 Rad8 17. d5 b5 18. Be2 Nb8 19. Rhd1 bxc4 20. Bxc4 Nd7 21. Bb3 Nb6 22. d6 cxd6 23. exd6 Nf5 24. Be5 Rfe8 25. Bf4 h6 26. h3 Bxf3 27. gxf3 g5 28. Bh2 Re3 29. Bc2 Rde8 30. Bxf5 Re2+ 31. Kg1 Rb2 32. d7 Nxd7 33. Rxd7 Ree2 34. Bd6 Rg2+ 35. Kh1 Rgf2 36. Rd8+ Kg7 37. Be5+ f6 38. Bxb2 Rxb2 39. Rad1 h5 40. R1d7+ Kh6 41. Rh7# 1-0


[Site "https://www.chess.com"]

[Event "Titled Tuesday Blitz February 22 Late 2022"]
[White "Baskin, Robert"]
[Black "Araujo Filho, Luiz Antonio Coel"]
[WhiteFideId "24662402"]
[BlackFideId "2130661"]
[WhiteElo "2488"]
[BlackElo "2232"]
[Result "1-0"]
[Round "07"]
[TimeControl "180+1"]
[Date "2022.02.23"]
[WhiteClock "0:00:13"]
[BlackClock "0:00:02"]

1. e4 c6 2. d4 d5 3. e5 Bf5 4. Nf3 e6 5. Be2 Nd7 6. O-O Ne7 7. Nbd2 c5 8. c4 Qc7 9. cxd5 Nxd5 10. Nc4 Be7 11. Bg5 O-O 12. Bxe7 Nxe7 13. Rc1 b6 14. Nd6 Bg4 15. b4 Nc6 16. bxc5 bxc5 17. h3 Bh5 18. Qa4 Rab8 19. dxc5 Bxf3 20. Bxf3 Ndxe5 21. Be2 Rb2 22. Rfe1 Rfb8 23. a3 h6 24. Qf4 Ng6 25. Qg3 R8b3 26. Rc3 Rxc3 27. Qxc3 Rb8 28. Bc4 Nce5 29. Ba2 Nd7 30. Nxf7 1-0


[Site "https://www.chess.com"]

[Event "Titled Tuesday Blitz February 22 Late 2022"]
[White "Batsiashvili, Nino"]
[Black "Willathgamuwa, Kevin"]
[WhiteFideId "13602993"]
[BlackFideId "3214168"]
[WhiteElo "2230"]
[BlackElo "1943"]
[Result "1-0"]
[Round "07"]
[TimeControl "180+1"]
[Date "2022.02.23"]
[WhiteClock "0:01:06"]
[BlackClock "0:00:07"]

1. d4 Nf6 2. c4 e5 3. dxe5 Ng4 4. Nf3 Bc5 5. e3 Nc6 6. Be2 O-O 7. a3 a5 8. Nc3 Ncxe5 9. Nxe5 Nxe5 10. Rb1 Ra6 11. b4 axb4 12. axb4 Ba7 13. Nb5 Bb8 14. f4 Ng6 15. O-O Qe7 16. c5 c6 17. Nd6 Ra7 18. Qd4 Ra4 19. Bb2 f6 20. Bc4+ Kh8 21. Bb3 Ra8 22. e4 Qxd6 23. cxd6 Ba7 24. e5 fxe5 25. fxe5 Bxd4+ 26. Bxd4 b6 27. Rxf8+ Nxf8 28. Rf1 Ba6 29. Rf7 Ne6 30. Bxe6 dxe6 31. d7 Kg8 32. Re7 Kf8 33. Rxe6 Rd8 34. Rd6 Ke7 35. Rxc6 Rxd7 36. Bxb6 Rd1+ 37. Kf2 Rd2+ 38. Ke3 Rxg2 39. Bc5+ Kd7 40. Rxa6 Rxh2 41. e6+ Kc7 42. e7 Kd7 43. Ra7+ 1-0


[Site "https://www.chess.com"]

[Event "Titled Tuesday Blitz February 22 Late 2022"]
[White "Bauer, Thomas"]
[Black "Ardila, Oscar Humberto"]
[WhiteFideId "1639293"]
[BlackFideId "4404742"]
[WhiteElo "2220"]
[BlackElo "1898"]
[Result "0-1"]
[Round "07"]
[TimeControl "180+1"]
[Date "2022.02.23"]
[WhiteClock "0:00:24"]
[BlackClock "0:00:19"]

1. f4 Nf6 2. Nf3 d6 3. d3 e6 4. e4 Be7 5. Be2 c5 6. O-O Nc6 7. Be3 b6 8. Kh1 Bb7 9. c3 Qc7 10. Nbd2 O-O 11. Qe1 Ng4 12. Bg1 f5 13. Rd1 Rad8 14. Qg3 d5 15. e5 d4 16. c4 a6 17. Ne1 Nh6 18. Bf3 Nb4 19. a3 Bxf3 20. Ndxf3 Nc6 21. Ng5 Qc8 22. Nef3 b5 23. b3 Na5 24. Rb1 Qc6 25. h3 Rb8 26. cxb5 axb5 27. Rfc1 Qd5 28. Nd2 Nf7 29. Ngf3 Kh8 30. Rc2 Rg8 31. h4 Nh6 32. b4 cxb4 33. axb4 Nc6 34. Rxc6 Qxc6 35. Nxd4 Qd5 36. N2f3 Ng4 37. Ra1 Ra8 38. Ra5 Rxa5 39. bxa5 Ra8 40. Qe1 b4 41. Qc1 Bxh4 42. Nxh4 Qxa5 43. Nxe6 b3 44. Nxf5 Qa1 45. Qc7 Qxg1+ 46. Kxg1 Ra1+ 0-1


[Site "https://www.chess.com"]

[Event "Titled Tuesday Blitz February 22 Late 2022"]
[White "Bodnar, Nikolay"]
[Black "Csonka, Balazs"]
[WhiteFideId "14106469"]
[BlackFideId "742910"]
[WhiteElo "2505"]
[BlackElo "2643"]
[Result "0-1"]
[Round "07"]
[TimeControl "180+1"]
[Date "2022.02.23"]
[WhiteClock "0:00:08"]
[BlackClock "0:00:06"]

1. e4 e5 2. Nf3 Nc6 3. Bc4 Nf6 4. d3 Be7 5. O-O O-O 6. Re1 d6 7. a4 Kh8 8. a5 a6 9. h3 Ng8 10. Nc3 f5 11. Nd5 fxe4 12. dxe4 Nf6 13. b4 Nxd5 14. exd5 Nb8 15. Ra3 Bf5 16. Bd3 Nd7 17. c4 Qe8 18. Bxf5 Rxf5 19. Rae3 Qg6 20. Nd4 Rxf2 21. Kxf2 Bh4+ 22. g3 exd4 23. Qxd4 Rf8+ 24. Kg2 Bg5 25. Re6 Bf6 26. Qe4 Qf7 27. Re8 Ne5 28. Rxf8+ Qxf8 29. Bb2 Qe8 30. Rf1 h6 31. Kh2 Qa4 32. Bxe5 dxe5 33. h4 Qxb4 34. Kh3 Qxa5 35. d6 cxd6 36. Qxb7 Qc5 37. Qa8+ Kh7 38. Qd5 Qxd5 39. cxd5 Kg6 40. Ra1 Kf5 41. Ra4 e4 42. Kg2 Ke5 43. Ra5 Bd8 44. Rxa6 Kxd5 45. Ra7 Bf6 46. Kf1 Kd4 47. Ke2 d5 48. Rd7 Be5 49. g4 Bf6 50. h5 Ke5 51. Ra7 Kf4 52. Rd7 d4 53. g5 Kxg5 54. Rd5+ Kf4 55. Kf2 d3 56. Ra5 Bh4+ 57. Kg2 d2 58. Rd5 Ke3 59. Kf1 Bg3 60. Rd8 Be5 61. Rd5 Bd4 62. Kg2 d1=Q 63. Rxd4 Qe2+ 64. Kh3 Kxd4 65. Kg3 Qf3+ 66. Kh4 Qf4+ 67. Kh3 Qg5 68. Kh2 e3 69. Kh3 e2 70. Kh2 e1=Q 71. Kh3 Qh1# 0-1


[Site "https://www.chess.com"]

[Event "Titled Tuesday Blitz February 22 Late 2022"]
[White "Borisova, Ekaterina"]
[Black "Hoffmann, Asa"]
[WhiteFideId "34124184"]
[BlackFideId "2001470"]
[WhiteElo "2034"]
[BlackElo "2117"]
[Result "0-1"]
[Round "07"]
[TimeControl "180+1"]
[Date "2022.02.23"]
[WhiteClock "0:00:02"]
[BlackClock "0:00:23"]

1. d4 Nf6 2. c4 c5 3. d5 e5 4. Nc3 d6 5. e4 Be7 6. Bd3 Nbd7 7. Nge2 Nf8 8. O-O Ng6 9. Rb1 Nh5 10. a3 O-O 11. b4 b6 12. bxc5 bxc5 13. Bd2 Bg5 14. Ng3 Bxd2 15. Qxd2 Nhf4 16. Rfc1 Qg5 17. Rc2 Nh4 18. Bf1 h5 19. Nd1 f5 20. Ne3 fxe4 21. Rcb2 Nh3+ 22. gxh3 Nf3+ 23. Kh1 Nxd2 24. Rxd2 h4 25. Nxe4 Qg6 26. Bd3 Bf5 27. Nxf5 Qxf5 28. Rg1 Qxh3 29. Rg2 Rf4 30. Ng5 Qd7 31. Ne6 Rf7 32. Bg6 Re7 33. Rd1 Rb8 34. Rdg1 Qa4 35. Bf5 Rbb7 36. Nd8 Qxa3 37. Be6+ Rxe6 38. Nxe6 Re7 39. Rxg7+ Rxg7 40. Rxg7+ Kh8 41. h3 Qxh3+ 42. Kg1 Qf5 43. Rg5 Qd3 44. Kh2 Qxc4 45. Rh5+ Kg8 46. Rf5 Qxd5 47. Rf8+ Kh7 48. Re8 c4 49. Re7+ Kg6 50. Re8 Kf7 51. Kh3 Qxe6+ 52. Rxe6 Kxe6 53. Kxh4 c3 0-1


[Site "https://www.chess.com"]

[Event "Titled Tuesday Blitz February 22 Late 2022"]
[White "Boros, Denes"]
[Black "Maltsevskaya, Aleksandra"]
[WhiteFideId "722340"]
[BlackFideId "24174041"]
[WhiteElo "2464"]
[BlackElo "2283"]
[Result "1-0"]
[Round "07"]
[TimeControl "180+1"]
[Date "2022.02.22"]
[WhiteClock "0:00:48"]
[BlackClock "0:00:01"]

1. d4 Nf6 2. Nc3 d5 3. Bg5 e6 4. a3 c5 5. e3 Nc6 6. Nf3 Bd7 7. Bd3 Qb6 8. dxc5 Bxc5 9. O-O Be7 10. e4 dxe4 11. Nxe4 O-O-O 12. Qe2 Nxe4 13. Bxe4 Nd4 14. Qc4+ Qc5 15. Qxc5+ Bxc5 16. Bxd8 Rxd8 17. Nxd4 Bxd4 18. c3 Bc5 19. Rad1 g6 20. Rfe1 Kc7 21. Rd2 Re8 22. b4 Be7 23. Bxb7 Ba4 24. Ba6 Bf6 25. Re4 Kb6 26. Rd6+ Kc7 27. Rd3 Kb6 28. b5 Bc2 29. Rd6+ Kc7 30. Rc6+ Kd7 31. Rec4 Be5 32. f4 Bb8 33. Kf2 Bb3 34. Rd4+ Ke7 35. c4 e5 36. fxe5 Bxe5 37. Rd5 f6 38. Bc8 Kf7 39. Rd3 1-0


[Site "https://www.chess.com"]

[Event "Titled Tuesday Blitz February 22 Late 2022"]
[White "Bryakin, Mikhail"]
[Black "Karttunen, Mika"]
[WhiteFideId "4165314"]
[BlackFideId "502081"]
[WhiteElo "2421"]
[BlackElo "2343"]
[Result "1-0"]
[Round "07"]
[TimeControl "180+1"]
[Date "2022.02.22"]
[WhiteClock "0:00:23"]
[BlackClock "0:00:07"]

1. e4 e5 2. d4 exd4 3. Qxd4 Nc6 4. Qd3 Nf6 5. Nc3 Bb4 6. Bd2 d6 7. O-O-O O-O 8. f4 Bg4 9. Be2 Bxe2 10. Ngxe2 Re8 11. g4 Nxg4 12. Rdf1 Qh4 13. Qf3 Bxc3 14. Bxc3 d5 15. exd5 Re3 16. Qg2 Rae8 17. h3 Nf6 18. Rhg1 g6 19. dxc6 Rxe2 20. Qg5 Qxg5 21. Rxg5 Ne4 22. Re5 Rxe5 23. Bxe5 bxc6 24. Bxc7 f5 25. Rd1 Rh2 26. c3 Rxh3 27. Rd7 h5 28. Be5 Rg3 29. Rxa7 h4 30. Ra8+ Kf7 31. a4 h3 32. Rh8 Nf2 33. a5 Rg1+ 34. Kc2 Ra1 35. b4 Ke6 36. Kb2 Rd1 37. a6 Rd7 38. Bd4 Nd3+ 39. Kb3 Nxf4 40. a7 Rxa7 41. Bxa7 g5 42. c4 g4 43. b5 cxb5 44. cxb5 g3 45. b6 Ne2 46. b7 h2 47. b8=Q 1-0


[Site "https://www.chess.com"]

[Event "Titled Tuesday Blitz February 22 Late 2022"]
[White "Buchenau, Frank"]
[Black "Carbone, Diego"]
[WhiteFideId "4604350"]
[BlackFideId "3002179"]
[WhiteElo "2193"]
[BlackElo "2199"]
[Result "0-1"]
[Round "07"]
[TimeControl "180+1"]
[Date "2022.02.23"]
[WhiteClock "0:00:03"]
[BlackClock "0:00:20"]

1. e4 e5 2. Bc4 Nf6 3. d3 Nc6 4. Nf3 Bc5 5. O-O d6 6. c3 a5 7. Nbd2 O-O 8. h3 h6 9. Re1 a4 10. Bb5 Bd7 11. Nf1 Ne7 12. Bxd7 Qxd7 13. d4 exd4 14. cxd4 Bb4 15. Bd2 Bxd2 16. Qxd2 d5 17. e5 Ne4 18. Qc2 Nf5 19. Rac1 c6 20. N1d2 Rfd8 21. Rcd1 Nxd2 22. Qxd2 Ne7 23. Qf4 Qe6 24. Qg4 Ra5 25. Qxe6 fxe6 26. Rc1 Rb5 27. Re2 Rb4 28. Rc3 Nf5 29. Rd2 Kf7 30. g4 Ne7 31. Ne1 Ng6 32. Rf3+ Ke7 33. b3 axb3 34. axb3 Ra8 35. Nc2 Ra2 36. Nxb4 Rxd2 37. Nd3 Rd1+ 38. Kh2 Rb1 39. b4 Rb3 40. Kg3 Nf8 41. Re3 Nd7 42. f4 Nb6 43. Rf3 Nc4 44. Nc5 Rxb4 45. f5 exf5 46. gxf5 b6 47. f6+ gxf6 48. exf6+ Kf7 49. Nd3 Rb1 50. Ne5+ Nxe5 51. dxe5 Re1 52. Rf5 d4 53. Kf2 Re3 54. h4 c5 55. h5 b5 56. e6+ Rxe6 57. Rxc5 Rxf6+ 58. Ke2 Rb6 59. Kd3 b4 60. Kxd4 b3 61. Rc1 b2 62. Rb1 Kf6 63. Kc3 Kg5 64. Rxb2 Rxb2 65. Kxb2 Kxh5 66. Kc2 Kg4 67. Kd2 Kg3 68. Ke1 Kg2 69. Ke2 h5 0-1


[Site "https://www.chess.com"]

[Event "Titled Tuesday Blitz February 22 Late 2022"]
[White "Budrewicz, Krzysztof"]
[Black "Golubenko, Valentina"]
[WhiteFideId "1127950"]
[BlackFideId "4501993"]
[WhiteElo "2248"]
[BlackElo "2164"]
[Result "0-1"]
[Round "07"]
[TimeControl "180+1"]
[Date "2022.02.23"]
[WhiteClock "0:00:21"]
[BlackClock "0:00:12"]

1. d4 Nf6 2. c4 c5 3. d5 d6 4. Nc3 g6 5. e4 e6 6. Nf3 exd5 7. cxd5 Bg7 8. h3 O-O 9. Bd3 Re8 10. O-O a6 11. a4 Nbd7 12. Re1 Qc7 13. Bf4 c4 14. Bc2 Rb8 15. a5 Nh5 16. Bh2 b5 17. axb6 Qxb6 18. Ra2 Ne5 19. Nd4 Nd3 20. Bxd3 Bxd4 21. Bxc4 Bxf2+ 22. Kh1 Bxe1 23. Qxe1 Nf6 24. Qh4 Kg7 25. Bg1 Qb4 26. Bd4 Re5 27. Bxe5 dxe5 28. Bxa6 Bxa6 29. Rxa6 Nh5 30. d6 Qxb2 31. Qe1 Nf4 32. Ra2 Qb4 33. d7 Rd8 34. g3 Nd3 35. Qd2 Rxd7 36. Nd5 Qd4 37. Qe3 Rxd5 38. Qf3 Nf2+ 39. Kg2 Nxe4 40. Ra7 Nd6 41. Re7 e4 42. Qf4 Qd2+ 43. Qxd2 Rxd2+ 44. Kf1 Kf6 0-1


[Site "https://www.chess.com"]

[Event "Titled Tuesday Blitz February 22 Late 2022"]
[White "Buscar, Michael"]
[Black "Kim, Sergey"]
[WhiteFideId "2603616"]
[BlackFideId "13700570"]
[WhiteElo "2010"]
[BlackElo "2616"]
[Result "0-1"]
[Round "07"]
[TimeControl "180+1"]
[Date "2022.02.23"]
[WhiteClock "0:00:10"]
[BlackClock "0:00:38"]

1. c4 Nf6 2. g3 g6 3. Bg2 Bg7 4. e3 d6 5. Ne2 O-O 6. O-O e5 7. d3 c6 8. Nbc3 Re8 9. Rb1 d5 10. b4 a6 11. a4 d4 12. Ne4 Bg4 13. exd4 exd4 14. Bg5 h6 15. Bxf6 Bxf6 16. h3 Bxe2 17. Qxe2 Bg7 18. Qf3 Re7 19. a5 Qc7 20. c5 Nd7 21. Nd6 Nf6 22. Qf4 Nd5 23. Bxd5 cxd5 24. Rfe1 Rf8 25. Kf1 Re6 26. Qf3 Qc6 27. Rxe6 fxe6 28. Qg4 Rf6 29. Re1 Qd7 30. f4 g5 31. Kg2 gxf4 32. gxf4 Kh7 33. Kh2 Rg6 34. Qh5 Bf8 35. f5 Bxd6+ 36. cxd6 Qxd6+ 37. Kh1 Rg5 38. Qf7+ Rg7 39. Rxe6 Qg3 40. Rg6 Qxh3+ 41. Kg1 Rxf7 0-1


[Site "https://www.chess.com"]

[Event "Titled Tuesday Blitz February 22 Late 2022"]
[White "Cardoso Cardoso, Jose Gabriel"]
[Black "Carlsson, Ludvig"]
[WhiteFideId "4430492"]
[BlackFideId "1727010"]
[WhiteElo "2451"]
[BlackElo "2178"]
[Result "1-0"]
[Round "07"]
[TimeControl "180+1"]
[Date "2022.02.22"]
[WhiteClock "0:01:02"]
[BlackClock "0:00:13"]

1. Nf3 d5 2. b3 Bf5 3. Bb2 e6 4. e3 h6 5. c4 c6 6. Nc3 Nf6 7. cxd5 cxd5 8. Nd4 Bh7 9. Rc1 a6 10. Be2 Bd6 11. O-O O-O 12. f4 Nbd7 13. Nf3 e5 14. fxe5 Nxe5 15. Nxd5 Nxf3+ 16. Bxf3 Nxd5 17. Bxd5 Bxh2+ 18. Kxh2 Qxd5 19. Qg4 Bg6 20. Bd4 Rfe8 21. Rc7 Re4 22. Qxg6 fxg6 23. Rxg7+ Kh8 24. Bc3 Re5 25. Re7 Kg8 26. Bxe5 Rc8 27. Rg7+ Kh8 28. Ba1 Qh5+ 29. Kg1 1-0


[Site "https://www.chess.com"]

[Event "Titled Tuesday Blitz February 22 Late 2022"]
[White "Chernomordik, Pavel"]
[Black "Escudero Donoso, Felipe"]
[WhiteFideId "2804530"]
[BlackFideId "3410595"]
[WhiteElo "2249"]
[BlackElo "2184"]
[Result "1-0"]
[Round "07"]
[TimeControl "180+1"]
[Date "2022.02.23"]
[WhiteClock "0:01:32"]
[BlackClock "0:00:15"]

1. e4 c5 2. Nc3 g6 3. f4 Bg7 4. Nf3 Nc6 5. Bb5 Nd4 6. Bc4 e6 7. e5 d5 8. Nxd4 cxd4 9. Bb5+ Bd7 10. Bxd7+ Qxd7 11. Ne2 f6 12. Nxd4 fxe5 13. fxe5 Ne7 14. Nf3 d4 15. d3 Nc6 16. Qe2 Qd5 17. Bf4 O-O 18. Bg3 Rf5 19. O-O Raf8 20. Rae1 Bh6 21. Bf2 Bf4 22. c4 dxc3 23. bxc3 Nxe5 24. Nd4 R5f7 25. g3 g5 26. gxf4 gxf4 27. Qxe5 Rg7+ 28. Bg3 Qxe5 29. Rxe5 fxg3 30. Rxf8+ Kxf8 31. Nxe6+ Kf7 32. Nxg7 Kxg7 33. Re7+ Kf6 34. Rxb7 gxh2+ 35. Kxh2 1-0


[Site "https://www.chess.com"]

[Event "Titled Tuesday Blitz February 22 Late 2022"]
[White "Clawitter, Craig"]
[Black "Levine, Joseph"]
[WhiteFideId "2023105"]
[BlackFideId "30940346"]
[WhiteElo "2210"]
[BlackElo "1802"]
[Result "1/2-1/2"]
[Round "07"]
[TimeControl "180+1"]
[Date "2022.02.23"]
[WhiteClock "0:00:19"]
[BlackClock "0:00:17"]

1. e4 e5 2. Nf3 Nc6 3. Bb5 Nf6 4. d3 Bc5 5. Bxc6 dxc6 6. Nbd2 O-O 7. O-O Re8 8. Nc4 Bg4 9. Be3 Nd7 10. Bxc5 Nxc5 11. Ne3 Bh5 12. a4 Ne6 13. Nf5 c5 14. Ng3 Bxf3 15. Qxf3 Nd4 16. Qd1 g6 17. f4 exf4 18. Rxf4 Ne6 19. Rf2 c4 20. Qf3 Rf8 21. dxc4 Qd4 22. Qd3 Qxb2 23. Raf1 Rad8 24. Qb3 Qxb3 25. cxb3 Nc5 26. e5 Nxb3 27. Ne4 Nd4 28. Nf6+ Kg7 29. h4 h5 30. Rb2 b6 31. a5 Nc6 32. axb6 axb6 33. Nd5 Nxe5 34. Nxc7 Nxc4 35. Rb4 Rd4 36. Rc1 Rxh4 37. Rcxc4 Rxc4 38. Rxc4 Rd8 39. Rb4 Rd7 40. Na8 Ra7 41. Nxb6 Rb7 42. Nd5 Rxb4 43. Nxb4 Kf6 44. Kf2 Kg5 45. Kg3 h4+ 46. Kf3 Kf5 47. Nd3 g5 48. Nf2 Kg6 49. g3 hxg3 50. Kxg3 f5 51. Kf3 Kh5 52. Kg3 f4+ 53. Kf3 Kh4 54. Ng4 Kh3 55. Nf2+ Kh2 56. Ng4+ Kh3 1/2-1/2


[Site "https://www.chess.com"]

[Event "Titled Tuesday Blitz February 22 Late 2022"]
[White "Debray, Christopher"]
[Black "Perez Gormaz, Matias"]
[WhiteFideId "630810"]
[BlackFideId "3406342"]
[WhiteElo "2480"]
[BlackElo "2671"]
[Result "1-0"]
[Round "07"]
[TimeControl "180+1"]
[Date "2022.02.23"]
[WhiteClock "0:00:03"]
[BlackClock "0:00:12"]

1. d4 d5 2. c4 e6 3. g3 dxc4 4. Nf3 b5 5. Bg2 Bb7 6. O-O a6 7. b3 cxb3 8. Qxb3 Nd7 9. a4 c6 10. Rd1 Ngf6 11. Ne5 Nxe5 12. dxe5 Nd7 13. Nc3 Qb6 14. Ne4 Nc5 15. Qc2 Nxe4 16. Bxe4 Rc8 17. Be3 c5 18. axb5 axb5 19. Bxh7 Qc6 20. f3 Qc7 21. Be4 Bxe4 22. Qxe4 Be7 23. f4 g6 24. Ra6 O-O 25. Rda1 Rfe8 26. Ra7 Qc6 27. Qxc6 Rxc6 28. Rb7 b4 29. Raa7 Kf8 30. f5 exf5 31. Bh6+ Kg8 32. Rxe7 Rxe7 33. Rxe7 c4 34. Rb7 b3 35. Bg5 1-0


[Site "https://www.chess.com"]

[Event "Titled Tuesday Blitz February 22 Late 2022"]
[White "Djokic, Mihailo"]
[Black "Mirzoev, Azer"]
[WhiteFideId "976440"]
[BlackFideId "13400304"]
[WhiteElo "2523"]
[BlackElo "2709"]
[Result "1-0"]
[Round "07"]
[TimeControl "180+1"]
[Date "2022.02.23"]
[WhiteClock "0:00:04"]
[BlackClock "0:00:05"]

1. e4 e6 2. d4 d5 3. Nc3 Nc6 4. e5 Nge7 5. Nf3 Nf5 6. Be2 Bd7 7. h4 Be7 8. h5 Nh4 9. Nxh4 Bxh4 10. Be3 Bg5 11. Qd2 Bxe3 12. Qxe3 Qe7 13. h6 g6 14. O-O-O O-O-O 15. a3 Kb8 16. Kb1 b6 17. Rh3 Rhf8 18. g4 f5 19. gxf5 Rxf5 20. Bd3 Rf7 21. Ne2 Rdf8 22. f4 Na5 23. Rdh1 Qe8 24. Rg1 Bb5 25. b3 Bxd3 26. Qxd3 Nb7 27. c4 Rd7 28. cxd5 Rxd5 29. Nc3 Rd8 30. Qe4 Na5 31. Ka2 Qc6 32. Qe3 Rf7 33. Rd1 Rfd7 34. Rh2 Qb7 35. Ne4 Nc6 36. Rhd2 Ne7 37. Nf6 Nd5 38. Nxd7+ Rxd7 39. Qg3 a5 40. Kb2 Rf7 41. Rf2 Qc8 42. Rg1 Ne7 43. Qd3 Qf8 44. Rgf1 Qxh6 45. Qc4 Nd5 46. Qc6 Re7 47. Rc1 Qf8 48. Ka2 Qe8 49. Qxe8+ Rxe8 50. Rh1 Re7 51. Rh6 Rf7 52. Rfh2 Rxf4 53. Rxh7 Rxd4 54. Rg7 Nf4 55. Rf7 Kb7 56. a4 Nd5 57. Rg7 Re4 58. Rxg6 Rxe5 59. Rg7 Nb4+ 60. Kb2 Nd3+ 61. Kc3 Nc5 62. Rhh7 Re3+ 63. Kd4 Rd3+ 64. Kc4 Rd8 65. Rxc7+ Kb8 66. Rc6 Nd7 67. Kb5 Kb7 68. Rd6 Kc7 69. Rxe6 Rf8 70. Rc6+ Kd8 71. Rd6 Rf5+ 72. Ka6 Kc8 73. Rhxd7 1-0


[Site "https://www.chess.com"]

[Event "Titled Tuesday Blitz February 22 Late 2022"]
[White "Dreev, Aleksey"]
[Black "Goryachkina, Aleksandra"]
[WhiteFideId "4100107"]
[BlackFideId "4147103"]
[WhiteElo "2636"]
[BlackElo "2426"]
[Result "1/2-1/2"]
[Round "07"]
[TimeControl "180+1"]
[Date "2022.02.22"]
[WhiteClock "0:00:07"]
[BlackClock "0:00:06"]

1. d4 Nf6 2. c4 e6 3. Nc3 d5 4. cxd5 exd5 5. Bg5 c6 6. e3 h6 7. Bh4 Be7 8. Bd3 Ne4 9. Bxe7 Qxe7 10. Nge2 O-O 11. Qc2 Bf5 12. Ng3 Nxg3 13. hxg3 Bxd3 14. Qxd3 Nd7 15. O-O-O Nf6 16. f3 Rfe8 17. Rde1 c5 18. g4 cxd4 19. exd4 Qxe1+ 20. Rxe1 Rxe1+ 21. Kc2 Rae8 22. Qb5 R8e7 23. Qc5 a6 24. Kb3 g6 25. a4 Kg7 26. Kb4 R1e6 27. a5 Rd7 28. Qc8 Rc6 29. Qb8 Rc4+ 30. Kb3 Rxd4 31. Qe5 Rd2 32. f4 Rxg2 33. g5 hxg5 34. fxg5 Rf2 35. gxf6+ Rxf6 36. Nxd5 Rxd5 37. Qxd5 Rf5 38. Qd4+ Kh7 39. Qd7 Rb5+ 40. Kc3 Kg7 41. b4 Kg8 42. Kc4 Kg7 43. Qd6 Kg8 44. Qf6 Kf8 45. Qd8+ Kg7 46. Qd4+ Kg8 47. Qf6 Kf8 48. Qh8+ Ke7 49. Qh4+ Kf8 50. Qf6 Kg8 51. Qd6 Kg7 52. Qd7 Kg8 53. Qd6 Kg7 54. Qd7 Kg8 55. Qg4 Kg7 56. Kd3 Kg8 57. Kc3 Kg7 58. Qd4+ Kg8 59. Kc4 Kf8 60. Qf6 Kg8 61. Qd8+ Kg7 62. Qd7 1/2-1/2


[Site "https://www.chess.com"]

[Event "Titled Tuesday Blitz February 22 Late 2022"]
[White "Dubov, Daniil"]
[Black "Pultinevicius, Paulius"]
[WhiteFideId "24126055"]
[BlackFideId "12809390"]
[WhiteElo "2791"]
[BlackElo "2413"]
[Result "1-0"]
[Round "07"]
[TimeControl "180+1"]
[Date "2022.02.22"]
[WhiteClock "0:00:31"]
[BlackClock "0:00:07"]

1. d4 Nf6 2. Nf3 g6 3. c4 Bg7 4. Nc3 d5 5. cxd5 Nxd5 6. e4 Nxc3 7. bxc3 c5 8. Bb5+ Nc6 9. O-O O-O 10. Bxc6 bxc6 11. Qc2 Qa5 12. a4 Bg4 13. Ne5 Bxe5 14. dxe5 Rfd8 15. Bg5 Qc7 16. h3 Be6 17. f4 Bc4 18. Rf3 Rab8 19. Qf2 Bd3 20. Re1 c4 21. Qh4 Rd7 22. Qh6 Kh8 23. f5 Qd8 24. f6 Qf8 25. Qxf8+ Rxf8 26. fxe7 Re8 27. Rxf7 Kg8 28. e6 Rd6 29. Bh6 1-0


[Site "https://www.chess.com"]

[Event "Titled Tuesday Blitz February 22 Late 2022"]
[White "Estrada Nieto, Julian"]
[Black "Gatterer, Florian"]
[WhiteFideId "5101018"]
[BlackFideId "811688"]
[WhiteElo "2246"]
[BlackElo "2218"]
[Result "0-1"]
[Round "07"]
[TimeControl "180+1"]
[Date "2022.02.23"]
[WhiteClock "0:00:10"]
[BlackClock "0:00:12"]

1. e4 c5 2. Nf3 e6 3. c3 Nf6 4. e5 Nd5 5. Bc4 Nb6 6. Bb3 c4 7. Bc2 d5 8. d4 cxd3 9. Qxd3 Be7 10. O-O Nc6 11. Re1 Bd7 12. Na3 a6 13. Bf4 h6 14. Rad1 Qc7 15. Nd4 Nxd4 16. cxd4 Nc4 17. Nxc4 dxc4 18. Qg3 g5 19. Be3 Bc6 20. b3 cxb3 21. Bxb3 O-O-O 22. Rc1 Kb8 23. f3 Qd7 24. Qf2 Bd5 25. Rb1 Rc8 26. Qe2 Ka8 27. Bxd5 Qxd5 28. Rb6 Qc4 29. Qb2 Rb8 30. Rb1 Qd5 31. Rxb7 Qxb7 32. Qxb7+ Rxb7 33. Rc1 Rhb8 34. Rc6 Rb6 35. Rc7 R6b7 36. Rc6 Bd8 37. Kf2 Bb6 38. Kg3 Rc7 39. Rd6 Ba7 40. Rxa6 Rb6 41. Ra4 Rcb7 42. d5 exd5 43. Bxb6 Rxb6 44. Kg4 Kb7 45. Kf5 Rc6 46. Ra5 d4 47. Rd5 Rc7 48. Kf6 Kc8 49. e6 fxe6 50. Kxe6 Rc6+ 51. Kf7 Rc7+ 52. Ke8 Rc6 53. Rd8+ Kb7 54. Rd7+ Ka6 55. Kf7 Rc3 56. Kg6 Bb6 57. Kxh6 d3 58. g3 Be3 59. Kh5 d2 60. h4 gxh4 61. gxh4 Rc1 62. Kg4 d1=Q 63. Rxd1 Rxd1 64. h5 Rh1 65. f4 Bxf4 66. Kxf4 Rxh5 67. Kg4 Rh1 68. a4 Ra1 69. Kf5 Rxa4 70. Ke5 Ra5+ 71. Kd6 Rb5 72. Kc6 Ka5 73. Kc7 Rb4 74. Kc6 Rb5 75. Kc7 Kb4 76. Kc6 Kc4 77. Kd6 Rc5 78. Ke6 Rd5 79. Ke7 Kc5 80. Ke6 Kc6 81. Ke7 Rd6 82. Ke8 Kd5 83. Ke7 Ke5 84. Kf7 Rd7+ 85. Ke8 Ke6 86. Kf8 Rb7 87. Kg8 Kf6 0-1


[Site "https://www.chess.com"]